 Dungeon Crawl Stone Soup version 0.30.1-11-g7821555f0a (webtiles) character file.

Game seed: 15547209613756554409

235 porpoise the Skirmisher (level 5, -2/29 HPs)
             Began as a Deep Elf Hunter on Dec 12, 2023.
             Killed from afar by an orc wizard (6 damage)
             ... with a magic dart
             ... on level 4 of the Dungeon.
             The game lasted 00:06:10 (2416 turns).

porpoise the Skirmisher (Deep Elf Hunter)           Turns: 2416, Time: 00:06:10

Health: -2/29      AC:  4    Str:  8    XL:     5   Next: 76%
Magic:  7/7        EV: 12    Int: 14    God:
Gold:   189        SH:  0    Dex: 20    Spells: 4/4 levels left

rFire   . . .        a - +0 shortbow
rCold   + . .        (shield currently unavailable)
rNeg    . . .        c - +1 leather armour
rPois   .            (no helmet)
rElec   .            (no cloak)
rCorr   +            (no gloves)
SInv    .            (no boots)
Will    .....        (no amulet)
Stlth   +            j - ring of resist corrosion
HPRegen 0.24/turn    m - ring of protection from cold
MPRegen 0.10/turn

%: no passive effects
@: confused
A: no striking features
a: no special abilities


You were on level 4 of the Dungeon.
You visited 1 branch of the dungeon, and saw 4 of its levels.

You collected 189 gold pieces.

Inventory:

Hand Weapons
 a - a +0 shortbow (weapon)
 b - a +0 rapier
Missiles
 i - 8 poisoned darts
Armour
 c - a +1 leather armour (worn)
 p - an orb of guile
Magical Staves
 y - a staff of poison
Jewellery
 j - a ring of resist corrosion (left hand)
 m - a ring of protection from cold (right hand)
 n - a +6 ring of intelligence
Wands
 v - a wand of digging (4)
 x - a wand of iceblast (9)
Scrolls
 e - a scroll of noise
 f - a scroll of enchant armour
 k - 2 scrolls of immolation
Potions
 d - 2 potions of lignification
 g - a potion of curing {unknown}
 l - a potion of attraction {unknown}
 q - a potion of invisibility {unknown}
 r - a potion of cancellation {unknown}
 s - a potion of brilliance {unknown}
 t - a potion of berserk rage {unknown}
 w - a potion of heal wounds {unknown}


   Skills:
 - Level 1.5 Fighting
 * Level 8.7 Ranged Weapons
 - Level 2.4 Dodging
 + Level 3.4 Stealth


You had 4 spell levels left.
You didn't know any spells.
Your spell library was empty.

Dungeon Overview and Level Annotations

Branches:
Dungeon (4/15)
 Temple: D:4-7

Altars:

Portals:
Sewer: D:4


Message History

The orc wizard hits you but does no damage.
You shoot an arrow. The arrow barely misses the orc wizard.
The orc wizard misses you.
You shoot an arrow. The arrow hits the orc wizard.
The orc wizard is almost dead.
The orc wizard gestures at you while chanting.
The magic dart hits you.
You are too injured to fight recklessly!
You are too injured to fight recklessly!
You are too injured to fight recklessly!
You shoot an arrow. The arrow hits the orc wizard.
The orc wizard is almost dead.
The orc wizard hits you but does no damage.
You shoot an arrow.
The arrow completely misses the orc wizard.
The orc wizard barely misses you.
You shoot an arrow.
The arrow hits the orc wizard but does no damage.
The orc wizard is almost dead.
The orc wizard casts a spell at you. The puff of flame hits you!
* * * LOW HITPOINT WARNING * * *
The orc wizard misses you.
You shoot an arrow.
The arrow closely misses the orc wizard.
The orc wizard casts a spell.
The orc wizard flickers and vanishes!
Deactivating autopickup; reactivate with Ctrl-A.
You shoot an arrow. Something hits you.
* * * LOW HITPOINT WARNING * * *
You shoot an arrow. Something hits you.
* * * LOW HITPOINT WARNING * * *
You shoot an arrow.
You hear some strange, mumbled words.
You are confused.
You clumsily bash something but do no damage.
You hear some strange, mumbled words.
A magic dart appears from out of thin air!
The magic dart hits you.
You die...

#..)..# .##.....#
........# ........#
#### #)#
#~~~~#.#####
#~~~r#.#...#
#~∩rB#{#...#
#~~~S#@#...#
#~~~r#.#...#
.######.'...# #
........#'###
#.##+###....###...#
#..<........#.....#
#.......... #.....#
#...........
#.....#
####........
#.....#


You could see a river rat, a giant cockroach and 2 rats.

Vanquished Creatures
  An orc priest (D:3)
  A hound (D:4)
  Terence (D:3)
  An orc wizard (D:4)
  A gnoll (D:1)
  2 adders (D:2)
  A worm (D:2)
  4 dart slugs
  8 orcs
  10 endoplasms
  2 giant cockroaches
  4 hobgoblins (D:1)
  7 jackals
  8 kobolds
  3 quokkas
  3 ball pythons
  5 bats
  3 frilled lizards
  6 goblins
  10 rats
81 creatures vanquished.

Notes
Turn   | Place    | Note
-------+----------+-------------------------------------------
     0 | D:1      | porpoise the Deep Elf Hunter began the quest for the Orb.
     0 | D:1      | Reached XP level 1. HP: 12/12 MP: 3/3
    32 | D:1      | Reached skill level 6 in Ranged Weapons
    32 | D:1      | Reached XP level 2. HP: 16/16 MP: 4/4
   206 | D:1      | Reached XP level 3. HP: 15/20 MP: 5/5
   327 | D:1      | Reached skill level 7 in Ranged Weapons
   975 | D:2      | Reached XP level 4. HP: 25/25 MP: 6/6
  1451 | D:3      | Noticed Terence
  1458 | D:3      | Killed Terence
  1599 | D:3      | Reached skill level 8 in Ranged Weapons
  1599 | D:3      | Reached XP level 5. HP: 29/29 MP: 7/7
  2379 | D:4      | Found a glowing drain.
  2416 | D:4      | Killed from afar by an orc wizard

Illustrated notes

Levels and vault maps discovered:
D:1:      dpeg_arrival_simpleton_b, layout_loops_ring
D:2:      layout_basic
D:3:      layout_basic, lexackson_kobold_supper, uniq_terence
D:4:      minmay_polygon_palace, layout_gridville, portal_sewer_entry_c

Skill      XL: |  1  2  3  4  5 |
---------------+----------------+-----
Ranged Weapons | 6 7 8 |  8.7
Stealth        | 2 3 |  3.4
Fighting       | |  1.5
Dodging        | |  2.4

Action                     |  1- 3 |  4- 6 || total
---------------------------+-------+-------++-------
  Melee: Shortbow          |       |     1 ||     1
   Fire: Shortbow          |   112 |   113 ||   225
    Use: Scroll            |     1 |     4 ||     5
 Armour: Leather armour    |    29 |     4 ||    33
  Dodge: Dodged            |    45 |    15 ||    60
